[Event "ICCopen2016"]
[Site "Internet Chess Club"]
[Date "2016.06.03"]
[Round "4"]
[White "JJ12"]
[Black "acash"]
[Result "1-0"]
[ICCResult "Black resigns"]
[WhiteElo "2285"]
[BlackElo "1860"]
[Opening "Sicilian: Alapin's variation (2.c3)"]
[ECO "B22"]
[NIC "SI.46"]
[Time "19:33:11"]
[TimeControl "180+0"]

1. e4 c5 2. c3 d5 3. exd5 Qxd5 4. d4 Nf6 5. Nf3 Nc6 6. Be2 e6 7. O-O Be7 8.
Na3 O-O 9. Nb5 Qd8 10. dxc5 Bxc5 11. Bg5 Qb6 12. b4 Be7 13. Be3 Qd8 14. Qxd8
Rxd8 15. Nc7 Rb8 16. b5 Bd6 17. bxc6 Bxc7 18. Bxa7 Ra8 19. cxb7 Bxb7 20. Bd4
Ne4 21. Rfb1 Bd5 22. a4 f6 23. Bb6 Bxb6 24. Rxb6 Nxc3 25. Bb5 Ra5 26. Nd4
Bb3 27. Nxb3 Raa8 28. h3 Nxb5 29. Rxb5 Rd3 30. a5 Ra6 31. Nc5 {Black
resigns} 1-0

[Event "ICCopen2016"]
[Site "Internet Chess Club"]
[Date "2016.06.03"]
[Round "4"]
[White "TudoracheM"]
[Black "jncool68"]
[Result "0-1"]
[ICCResult "White forfeits on time"]
[WhiteElo "1743"]
[BlackElo "2889"]
[Opening "Sicilian: Najdorf"]
[ECO "B90"]
[NIC "SI.14"]
[Time "19:33:01"]
[TimeControl "180+0"]

1. e4 c5 2. Nf3 d6 3. d4 cxd4 4. Nxd4 Nf6 5. Nc3 a6 6. f3 e5 7. Nb3 Be6 8.
Be3 Be7 9. Qd2 O-O 10. O-O-O a5 11. Kb1 a4 12. Nc1 a3 13. b3 Ra5 14. Bd3 Qc7
15. N1e2 Rc8 16. Rc1 Nbd7 17. g4 Nc5 18. Nd1 d5 19. exd5 Nxd5 20. c4 Nxe3
21. Nxe3 Bf6 22. Qc2 e4 23. Bxe4 Qe5 24. Nc3 Nxe4 25. fxe4 Bg5 26. Rhe1 Bxe3
27. Rxe3 Bxg4 28. Rg3 Bh5 29. Re1 Bg6 30. Rd3 Re8 31. Rd5 Rxd5 32. Nxd5 Bxe4
33. Rxe4 Qxe4 34. Qxe4 Rxe4 35. Nc3 Re1+ {White forfeits on time} 0-1

[Event "ICCopen2016"]
[Site "Internet Chess Club"]
[Date "2016.06.03"]
[Round "4"]
[White "hedgie"]
[Black "oskarito"]
[Result "0-1"]
[ICCResult "White resigns"]
[WhiteElo "2110"]
[BlackElo "2525"]
[Opening "Benkö gambit"]
[ECO "A57"]
[NIC "BI.46"]
[Time "19:33:40"]
[TimeControl "180+0"]

1. d4 Nf6 2. c4 c5 3. d5 b5 4. Qc2 bxc4 5. e4 g6 6. Bxc4 d6 7. Nf3 Bg7 8. h3
O-O 9. O-O Ba6 10. Na3 Nfd7 11. Bd2 Nb6 12. Bxa6 Nxa6 13. Bc3 Rb8 14. Bxg7
Kxg7 15. Qc3+ f6 16. Ng5 Nc7 17. b3 Qc8 18. f4 Qa6 19. Nc4 Nxc4 20. bxc4 Rb4
21. Rac1 Qxa2 22. Rf2 Qb3 23. Qxb3 Rxb3 24. Nf3 Rfb8 25. e5 Rb1 26. Rc2
Rxc1+ 27. Rxc1 a5 28. Ra1 Ra8 29. Rb1 Ra7 30. exd6 exd6 31. Rb6 a4 32. Rxd6
a3 33. Nd2 a2 34. Nb3 Rb7 35. Kh2 Rxb3 {White resigns} 0-1

[Event "ICCopen2016"]
[Site "Internet Chess Club"]
[Date "2016.06.03"]
[Round "4"]
[White "psychopat2016"]
[Black "ROWLAND"]
[Result "0-1"]
[ICCResult "White resigns"]
[WhiteElo "1286"]
[BlackElo "1580"]
[Opening "KGA: Abbazia defense, modern variation"]
[ECO "C31"]
[NIC "KG.04"]
[Time "19:33:15"]
[TimeControl "180+0"]

1. e4 e5 2. f4 d5 3. exd5 exf4 4. Nf3 Nf6 5. Bb5+ c6 6. dxc6 bxc6 7. Ba4 Bc5
8. d4 Bb6 9. O-O O-O 10. Bxf4 Bg4 11. c3 Nd5 12. Bg3 Ne3 13. Bxc6 Nxd1 14.
Bxa8 Nxb2 15. Ne5 Bxd4+ 16. cxd4 Qxd4+ 17. Kh1 Nd3 18. Nxf7 Qxa1 19. Nh6+
gxh6 20. Bd5+ Kg7 21. Rxf8 Kxf8 22. Bd6+ Kg7 23. h3 Qxb1+ 24. Kh2 Bf5 25. h4
Ne1 26. h5 Nd7 27. Bc6 Nf6 28. Be5 Qxa2 29. Bb5 Qd5 {White resigns} 0-1

[Event "ICCopen2016"]
[Site "Internet Chess Club"]
[Date "2016.06.03"]
[Round "4"]
[White "afgano45"]
[Black "jonesey"]
[Result "0-1"]
[ICCResult "White resigns"]
[WhiteElo "1710"]
[BlackElo "1845"]
[Opening "Ruy Lopez: Treybal (Bayreuth) variation (exchange var. deferred)"]
[ECO "C77"]
[NIC "RL.12"]
[Time "19:34:23"]
[TimeControl "180+0"]

1. e4 e5 2. Nf3 Nc6 3. Bb5 a6 4. Ba4 Nf6 5. Bxc6 dxc6 6. d3 Nd7 7. Nbd2 Bd6
8. Nc4 O-O 9. Qe2 Qe7 10. Bd2 Nb6 11. Ne3 g6 12. h4 h5 13. O-O-O Be6 14. Kb1
c5 15. Ng5 c4 16. dxc4 c6 17. f3 Bc5 18. b3 a5 19. a4 Nd7 20. g4 hxg4 21.
fxg4 b5 22. axb5 a4 23. Nf5 Bxf5 24. gxf5 axb3 25. cxb3 Bd4 26. Qd3 Qa3 27.
Bc3 Qxb3+ 28. Kc1 Bxc3 {White resigns} 0-1

[Event "ICCopen2016"]
[Site "Internet Chess Club"]
[Date "2016.06.03"]
[Round "4"]
[White "MasterZachary"]
[Black "A-Adly"]
[Result "0-1"]
[ICCResult "White checkmated"]
[WhiteElo "2219"]
[BlackElo "2986"]
[Opening "Caro-Kann: exchange, Rubinstein variation"]
[ECO "B13"]
[NIC "CK.02"]
[Time "19:32:41"]
[TimeControl "180+0"]

1. e4 c6 2. d4 d5 3. exd5 cxd5 4. Bd3 Nc6 5. c3 Nf6 6. Bf4 g6 7. Nd2 Bf5 8.
Qc2 Qb6 9. Bxf5 gxf5 10. Qxf5 Qxb2 11. Rb1 Qxc3 12. Ne2 Nxd4 13. Nxd4 Qxd4
14. Be5 Qh4 15. Rxb7 Bg7 16. g3 Qh6 17. Bxf6 Bxf6 18. Qd7+ Kf8 19. Qxd5 Kg7
20. Rb4 Rhd8 21. Rg4+ Kh8 22. Qxf7 Qxd2+ 23. Kf1 Qd1+ 24. Kg2 Qxg4 25. Re1
Rd2 26. Rxe7 Bxe7 27. Qxe7 Qf5 28. Qe3 Qd5+ 29. Kh3 Rf8 30. Qc3+ Qd4 31. Qc7
Rdxf2 32. Qe7 h5 33. Qg5 Qd7+ 34. g4 R8f3+ 35. Kh4 Rxh2# {White checkmated}
0-1

[Event "ICCopen2016"]
[Site "Internet Chess Club"]
[Date "2016.06.03"]
[Round "4"]
[White "Sam08"]
[Black "soumyat"]
[Result "1-0"]
[ICCResult "Black checkmated"]
[WhiteElo "2487"]
[BlackElo "2043"]
[Opening "QGD: semi-Slav, Abrahams variation"]
[ECO "D30"]
[NIC "QP.08"]
[Time "19:33:18"]
[TimeControl "180+0"]

1. d4 d5 2. c4 e6 3. Nf3 c6 4. Nc3 dxc4 5. a4 Bb4 6. e3 b5 7. Bd2 a5 8. axb5
Bxc3 9. Bxc3 cxb5 10. b3 Bb7 11. bxc4 b4 12. Bb2 Nf6 13. Bd3 O-O 14. O-O
Nbd7 15. Nd2 Re8 16. Bc2 e5 17. f4 exd4 18. exd4 Nb6 19. d5 Qc7 20. Bd3 a4
21. Bxf6 gxf6 22. Qg4+ Kf8 23. Qh4 Qc5+ 24. Kh1 Qd4 25. Qxh7 Ke7 26. Nf3 Qc3
27. Rac1 Qb2 28. d6+ Kd8 29. Qxf7 Rc8 30. Rce1 Rxe1 31. Rxe1 Nd5 32. Re8#
{Black checkmated}
1-0

[Event "ICCopen2016"]
[Site "Internet Chess Club"]
[Date "2016.06.03"]
[Round "4"]
[White "tbogin1"]
[Black "nyquist2017"]
[Result "1-0"]
[ICCResult "Black resigns"]
[WhiteElo "1506"]
[BlackElo "1706"]
[Opening "Sicilian: closed"]
[ECO "B23"]
[NIC "SI.44"]
[Time "19:33:38"]
[TimeControl "180+0"]

1. e4 c5 2. Nc3 e6 3. f4 Nc6 4. Nf3 a6 5. d3 Qc7 6. Be2 Nf6 7. O-O d5 8. e5
Nd7 9. Bd2 Be7 10. Be1 f5 11. exf6 Nxf6 12. Bg3 O-O 13. Ne5 d4 14. Ne4 Nd5
15. Nxc6 Qxc6 16. Qd2 Ne3 17. Rf2 b5 18. Bf3 Bb7 19. Nf6+ Bxf6 20. Bxc6 Bxc6
21. Re2 Nf5 22. Bf2 Bd5 23. Rae1 Rae8 24. g4 Nh4 25. Bxh4 Bxh4 26. Rf1 Rf6
27. g5 Rg6 28. Re5 h6 29. Qd1 hxg5 30. Qg4 Rf8 31. fxg5 {Black resigns} 1-0

[Event "ICCopen2016"]
[Site "Internet Chess Club"]
[Date "2016.06.03"]
[Round "4"]
[White "orangeC"]
[Black "Tal-Baron"]
[Result "0-1"]
[ICCResult "White forfeits on time"]
[WhiteElo "1647"]
[BlackElo "2840"]
[Opening "French: King's Indian attack"]
[ECO "C00"]
[NIC "FR.02"]
[Time "19:33:21"]
[TimeControl "180+0"]

1. e4 e6 2. d3 d5 3. Nd2 c5 4. Ngf3 Bd6 5. g3 Ne7 6. Bg2 Nbc6 7. O-O O-O 8.
Re1 f6 9. exd5 exd5 10. Nb3 Bf5 11. d4 c4 12. Nc5 Qc8 13. Nh4 Bg4 14. Bf3
Bh3 15. Bg2 Bg4 16. Bf3 Bh3 17. Bg2 Bxg2 18. Kxg2 Nxd4 19. Qxd4 Bxc5 20. Qd1
Rd8 {White forfeits on time} 0-1

[Event "ICCopen2016"]
[Site "Internet Chess Club"]
[Date "2016.06.03"]
[Round "4"]
[White "junard"]
[Black "garompon"]
[Result "1-0"]
[ICCResult "Black resigns"]
[WhiteElo "1717"]
[BlackElo "2654"]
[Opening "Trompowsky attack (Ruth, Opocenský opening)"]
[ECO "A45"]
[NIC "QP.07"]
[Time "19:33:35"]
[TimeControl "180+0"]

1. d4 Nf6 2. Bg5 g6 3. Bxf6 exf6 4. g3 f5 5. Bg2 Bg7 6. e3 O-O 7. Ne2 d5 8.
O-O c6 9. Nd2 Nd7 10. c4 dxc4 11. Nxc4 Nf6 12. b4 Be6 13. Nd2 Bd5 14. Nf3
Ne4 15. Nf4 Bc4 16. Re1 Qb6 17. Nd2 Qxb4 18. Nxe4 fxe4 19. Bxe4 Qd6 20. Qc2
b5 21. a4 a6 22. Rec1 Rac8 23. axb5 cxb5 24. Qd2 Rc7 25. Bg2 Rfc8 26. Rcb1
Bh6 27. Qa5 Bxf4 28. gxf4 Bd5 29. e4 Bb7 30. e5 Qxd4 31. Bxb7 Rxb7 32. Qxa6
Rbc7 33. Qf6 b4 34. Rd1 Rc6 35. Rxd4 Re6 {Black resigns} 1-0

[Event "ICCopen2016"]
[Site "Internet Chess Club"]
[Date "2016.06.03"]
[Round "4"]
[White "misterNobody"]
[Black "BISPOMAU"]
[Result "0-1"]
[ICCResult "White resigns"]
[WhiteElo "1628"]
[BlackElo "2159"]
[Opening "Clemenz (Mead's, Basman's or de Klerk's) opening"]
[ECO "A00"]
[Time "19:34:02"]
[TimeControl "180+0"]

1. h3 Nf6 2. a3 g6 3. e3 Bg7 4. Ne2 O-O 5. g4 d5 6. h4 Bxg4 7. Bh3 Bh5 8. c3
c5 9. Qc2 e5 10. Ng3 Bf3 11. Rh2 d4 12. cxd4 cxd4 13. d3 e4 14. exd4 Qxd4
15. Be3 exd3 16. Qd2 Qd8 17. Nc3 Nc6 18. Bg2 Bxg2 19. Rxg2 Ng4 20. Bg5 Qd7
21. h5 Nd4 22. Qf4 Nc2+ 23. Kf1 Nxa1 24. Nge4 f5 25. Nc5 Qf7 26. h6 Bxc3 27.
bxc3 Nc2 28. Qd6 Rae8 29. Nd7 {White resigns} 0-1

[Event "ICCopen2016"]
[Site "Internet Chess Club"]
[Date "2016.06.03"]
[Round "4"]
[White "Chapo2"]
[Black "Rayconniff"]
[Result "1-0"]
[ICCResult "Black resigns"]
[WhiteElo "2007"]
[BlackElo "1638"]
[Opening "Sicilian: Nimzovich-Rossolimo attack (with ...g6, without ...d6)"]
[ECO "B31"]
[NIC "SI.31"]
[Time "19:33:22"]
[TimeControl "180+0"]

1. e4 c5 2. Nf3 Nc6 3. Bb5 g6 4. Bxc6 dxc6 5. O-O Bg7 6. h3 Nf6 7. Re1 O-O
8. d3 Re8 9. Be3 b6 10. Nbd2 e5 11. a4 Qd6 12. b3 a6 13. Nc4 Qc7 14. a5 b5
15. Nb6 Rb8 16. Bxc5 Nd7 17. Nxd7 Bxd7 18. b4 f5 19. Qe2 f4 20. Nh2 Qd8 21.
Rad1 Qg5 22. Kh1 Bf8 23. Bxf8 Rxf8 24. Nf3 Qe7 25. c3 c5 26. Rb1 Rbc8 27.
Qb2 Qd6 28. Red1 Qe7 29. d4 cxd4 30. cxd4 exd4 31. Qxd4 Be6 32. Qd6 Qf6 33.
e5 Qf5 34. Nd4 f3 35. Qxe6+ Qxe6 36. Nxe6 fxg2+ 37. Kxg2 Rfe8 38. Rd6 Re7
39. Re1 Rce8 40. Nc5 Rxe5 41. Rxe5 Rxe5 42. Rd8+ Kg7 43. Rd7+ Kh6 44. Nxa6
Re4 45. Rd5 {Black resigns} 1-0

[Event "ICCopen2016"]
[Site "Internet Chess Club"]
[Date "2016.06.03"]
[Round "4"]
[White "aplusk"]
[Black "Fioro"]
[Result "1-0"]
[ICCResult "Black resigns"]
[WhiteElo "2837"]
[BlackElo "2335"]
[Opening "Réti opening"]
[ECO "A04"]
[NIC "QP.10"]
[Time "19:33:03"]
[TimeControl "180+0"]

1. Nf3 c5 2. g3 Nc6 3. Bg2 g6 4. O-O Bg7 5. c4 e5 6. Nc3 Nge7 7. Ne1 O-O 8.
Nc2 d6 9. d3 Rb8 10. Ne3 a6 11. Rb1 b5 12. b3 Be6 13. Ncd5 f6 14. f4 Kh8 15.
Bb2 Bg8 16. Kh1 f5 17. fxe5 dxe5 18. Qd2 Nd4 19. Nxe7 Qxe7 20. Nd5 Qd6 21.
e3 Ne6 22. Rbe1 Nc7 23. e4 fxe4 24. dxe4 Ne6 25. Rxf8 Rxf8 26. Rf1 Nd4 27.
Rxf8 Qxf8 28. Bc3 bxc4 29. bxc4 Qb8 30. Qd1 Qf8 31. Bh3 Qf2 32. a4 Nf3 33.
Bg2 Nd4 34. Qf1 Qc2 35. Ba5 Qxa4 36. Bd8 Qe8 37. Bf6 Qf8 38. Bxg7+ Qxg7 39.
Qa1 Qf7 40. Qxa6 Qf2 41. Qa1 Ne2 42. Qxe5+ {Black resigns} 1-0

[Event "ICCopen2016"]
[Site "Internet Chess Club"]
[Date "2016.06.03"]
[Round "4"]
[White "Darnoc"]
[Black "Eraser007"]
[Result "1-0"]
[ICCResult "Black resigns"]
[WhiteElo "2865"]
[BlackElo "2214"]
[Opening "King's Indian: 4.e4"]
[ECO "E90"]
[NIC "KI.20"]
[Time "19:33:51"]
[TimeControl "180+0"]

1. d4 Nf6 2. c4 g6 3. Nc3 Bg7 4. e4 O-O 5. Nf3 d6 6. h3 Nbd7 7. Bg5 h6 8.
Be3 e5 9. d5 Nc5 10. Nd2 a5 11. g4 Ne8 12. Nb3 b6 13. Qd2 Kh7 14. Nxc5 dxc5
15. O-O-O Nd6 16. Bd3 a4 17. f3 Ba6 18. Qe2 Rb8 19. Nxa4 Bxc4 20. Bxc4 b5
21. Bxb5 Nxb5 22. Nxc5 Nd4 23. Bxd4 exd4 24. Nd3 c6 25. dxc6 Qa5 26. Kb1 Ra8
27. b3 Rfb8 28. Qb2 Qb5 29. Qc2 Rc8 30. Rc1 Ra6 31. Qc4 Qa5 32. b4 Qa3 33.
Qb3 Qxb3+ 34. axb3 Raxc6 35. Rxc6 Rxc6 36. Rc1 Rf6 37. f4 Re6 38. e5 g5 39.
f5 Re8 40. Rc5 h5 41. b5 hxg4 42. hxg4 Ra8 43. b6 Rb8 44. Rb5 Bf8 45. b7 Be7
46. Nb2 Kg8 47. Nc4 Kf8 48. Na5 d3 49. Nc6 {Black resigns} 1-0

[Event "ICCopen2016"]
[Site "Internet Chess Club"]
[Date "2016.06.03"]
[Round "4"]
[White "discdude"]
[Black "manta2"]
[Result "1-0"]
[ICCResult "Black forfeits on time"]
[WhiteElo "1442"]
[BlackElo "1156"]
[Opening "Dutch defense"]
[ECO "A84"]
[NIC "HD.10"]
[Time "19:34:00"]
[TimeControl "180+0"]

1. d4 f5 2. c4 c6 3. Nf3 Nf6 4. Nc3 e6 5. Bg5 g6 6. e3 Bg7 7. Be2 O-O 8. O-O
d5 9. cxd5 exd5 10. a3 Nbd7 11. Rc1 Qe8 12. b4 a6 13. Na4 Ne4 14. Bf4 Ndf6
15. Nc5 h6 16. Qc2 g5 17. Be5 g4 18. Nd2 Qh5 19. Bf4 Qg6 20. Ndb3 h5 21. f3
g3 22. hxg3 Nxg3 23. Bxg3 Qxg3 24. Bd3 Bh6 25. Rce1 h4 26. Bxf5 h3 27. Bxh3
Bxh3 28. Qf2 {Black forfeits on time} 1-0

[Event "ICCopen2016"]
[Site "Internet Chess Club"]
[Date "2016.06.03"]
[Round "4"]
[White "DetectiveStark"]
[Black "minmax"]
[Result "1-0"]
[ICCResult "Black resigns"]
[WhiteElo "2459"]
[BlackElo "2016"]
[Opening "English opening"]
[ECO "A05"]
[NIC "KI.75"]
[Time "19:33:44"]
[TimeControl "180+0"]

1. Nf3 Nf6 2. c4 g6 3. g3 Bg7 4. Bg2 O-O 5. O-O d6 6. Nc3 c6 7. d4 Qc7 8. b3
e5 9. e3 Nbd7 10. Bb2 Re8 11. Qc2 b6 12. Rfd1 Bb7 13. Ba3 e4 14. Nd2 d5 15.
Rac1 Rac8 16. Qb1 Qb8 17. cxd5 cxd5 18. Nb5 Rxc1 19. Rxc1 Rc8 20. Bd6 Qa8
21. Nc7 Qb8 22. Qb2 Bf8 23. Bxf8 Rxc7 24. Rxc7 Qxc7 25. Ba3 Nf8 26. Bf1 Ne6
27. Be2 h5 28. Nb1 Qc8 29. Qc3 Qxc3 30. Nxc3 Nc7 31. Nb5 Nxb5 32. Bxb5 a6
33. Be2 Nd7 34. Bd6 f5 35. h4 Kf7 36. Kf1 Ke6 37. Bc7 b5 38. Ke1 Nf8 39. Kd2
Kd7 40. Ba5 Kc6 41. Kc3 Ne6 42. Kb4 Nc7 43. Bxc7 Kxc7 44. Kc5 Kd7 45. b4 Kc7
46. Bd1 Ba8 47. Bb3 Bb7 48. Bxd5 Bc8 49. Bf7 {Black resigns} 1-0

[Event "ICCopen2016"]
[Site "Internet Chess Club"]
[Date "2016.06.03"]
[Round "4"]
[White "catman"]
[Black "hipopotamos"]
[Result "1-0"]
[ICCResult "Black checkmated"]
[WhiteElo "1738"]
[BlackElo "1041"]
[Opening "Queen's pawn, Mason variation"]
[ECO "D00"]
[NIC "QP.08"]
[Time "19:33:14"]
[TimeControl "180+0"]

1. d4 d5 2. Bf4 Nc6 3. e3 Nf6 4. c4 dxc4 5. Bxc4 Bf5 6. Nc3 e6 7. Nf3 h6 8.
O-O Bg4 9. h3 Bh5 10. Re1 Bb4 11. a3 Bxc3 12. bxc3 O-O 13. e4 a6 14. Bd3 Qe7
15. Bh2 b5 16. Qe2 Rad8 17. Qe3 Rd7 18. Ne5 Nxe5 19. Bxe5 c6 20. a4 bxa4 21.
Rxa4 Qd8 22. Rxa6 Rb7 23. Rxc6 Rb2 24. Qg3 Qa5 25. Bxf6 g6 26. e5 Qxe5 27.
dxe5 Rfb8 28. Qf4 Rd2 29. Qxh6 Rb3 30. Qh8# {Black checkmated} 1-0

[Event "ICCopen2016"]
[Site "Internet Chess Club"]
[Date "2016.06.03"]
[Round "4"]
[White "rookfish"]
[Black "chessdad"]
[Result "0-1"]
[ICCResult "White forfeits on time"]
[WhiteElo "1058"]
[BlackElo "1229"]
[Opening "Queen's pawn game"]
[ECO "D02"]
[NIC "QP.08"]
[Time "19:33:12"]
[TimeControl "180+0"]

1. d4 d5 2. Nf3 c6 3. Bf4 g6 4. Nc3 Bg7 5. e3 Nf6 6. Bd3 Nh5 7. O-O Nxf4 8.
exf4 O-O 9. Ng5 Nd7 10. Ne2 Nf6 11. c3 b6 12. Ng3 c5 13. Re1 c4 14. Bc2 b5
15. f5 a5 16. fxg6 fxg6 17. Qf3 h6 18. Nh3 g5 19. Nxg5 hxg5 20. Nf5 g4 21.
Nxe7+ Kh8 22. Ng6+ Kg8 23. Qg3 Ne4 24. Bxe4 dxe4 25. Qe5 Bxe5 26. dxe5 Bf5
27. Nxf8 Qxf8 28. Rad1 Rd8 29. Rc1 Rd2 30. f4 Rxb2 31. Rcd1 Qc5+ 32. Kh1 Qf2
33. Rd8+ Kg7 34. Rg1 e3 35. Rb8 e2 36. Rb7+ Kg6 37. Rb6+ Kh5 38. e6 e1=Q
{White forfeits on time}
0-1

[Event "ICCopen2016"]
[Site "Internet Chess Club"]
[Date "2016.06.03"]
[Round "4"]
[White "betterone76"]
[Black "ChessGeek"]
[Result "0-1"]
[ICCResult "White forfeits on time"]
[WhiteElo "1519"]
[BlackElo "1797"]
[Opening "English opening"]
[ECO "A16"]
[NIC "EO.64"]
[Time "19:32:43"]
[TimeControl "180+0"]

1. c4 Nf6 2. Nc3 g6 3. g3 Bg7 4. Bg2 O-O 5. Nf3 c6 6. e4 d5 7. exd5 cxd5 8.
cxd5 Nxd5 9. O-O Nc6 10. Nxd5 Qxd5 11. Ne1 Qd6 12. d3 Bf5 13. a3 Rfd8 14.
Bf4 Qd4 15. Rb1 Bxd3 16. Nxd3 Qxd3 17. Qxd3 Rxd3 18. Bxc6 bxc6 19. Rfc1 Rb3
20. Rxc6 Rxb2 21. Rxb2 Bxb2 22. a4 Bd4 23. a5 Rd8 24. Rc7 e6 25. Bg5 Rd5 26.
Be3 Bxe3 27. fxe3 Rxa5 28. Kg2 Kg7 29. h4 Kf6 30. Kf3 h5 31. Rb7 Ra4 32. Rc7
a5 33. Ra7 Ra1 34. Kg2 a4 35. Ra5 a3 36. e4 a2 37. e5+ Kf5 38. Kh2 f6 39.
exf6+ Kxf6 40. Kg2 e5 41. Ra6+ Kf5 42. Ra5 Ke4 43. Ra6 Kf5 44. Kh2 g5 45.
hxg5 Kxg5 46. Ra5 Kf5 47. Kg2 Ke4 48. Kh2 Kd4 49. Ra4+ Kc3 50. Ra5 Kb2 51.
Rxe5 Rc1 52. Re2+ Kb3 53. Rxa2 Kxa2 54. Kg2 Rc4 55. Kf3 Rg4
{White forfeits on time}
0-1

[Event "ICCopen2016"]
[Site "Internet Chess Club"]
[Date "2016.06.03"]
[Round "4"]
[White "Iturrizaga"]
[Black "Pitchoun"]
[Result "1/2-1/2"]
[ICCResult "Game drawn by mutual agreement"]
[WhiteElo "3010"]
[BlackElo "2777"]
[Opening "King's Indian: fianchetto, Kavalek (Bronstein) variation"]
[ECO "A05"]
[NIC "KI.74"]
[Time "19:33:28"]
[TimeControl "180+0"]

1. Nf3 Nf6 2. c4 g6 3. g3 Bg7 4. Bg2 O-O 5. O-O d6 6. Nc3 c6 7. d4 Qa5 8. e4
Bg4 9. Be3 Nfd7 10. h3 Bxf3 11. Bxf3 a6 12. Qd2 c5 13. Rfd1 Nc6 14. dxc5
Nxc5 15. Rac1 Rac8 16. b3 Rfd8 17. Bg2 b5 18. cxb5 axb5 19. Nd5 Qxd2 20.
Rxd2 e6 21. Nc3 Rb8 22. Ne2 Bf8 23. Rcd1 Rdc8 24. Bf4 e5 25. Be3 Ne6 26. h4
Ra8 27. Bh3 Nb4 28. Nc1 Rc2 29. Rxc2 Nxc2 30. Rd2 Nxe3 31. fxe3 Nc5 32. Bg2
Bh6 33. Kf2 Ra6 34. Ne2 b4 35. g4 Bf8 36. Ng3 Be7 37. g5 h6 38. Bf1 Rb6 39.
Bc4 hxg5 40. hxg5 Bxg5 41. Kf3 Kg7 {Game drawn by mutual agreement} 1/2-1/2

[Event "ICCopen2016"]
[Site "Internet Chess Club"]
[Date "2016.06.03"]
[Round "4"]
[White "flinkfinger"]
[Black "RussianCowboy"]
[Result "1-0"]
[ICCResult "Black forfeits on time"]
[WhiteElo "2260"]
[BlackElo "1730"]
[Opening "English opening"]
[ECO "A04"]
[NIC "QP.11"]
[Time "19:32:45"]
[TimeControl "180+0"]

1. Nf3 d6 2. c4 e5 3. Nc3 f5 4. d4 e4 5. Ng5 Nf6 6. Nh3 Be7 7. Bg5 O-O 8. e3
c6 9. Nf4 Na6 10. Be2 Nc7 11. O-O h6 12. Bxf6 Bxf6 13. f3 exf3 14. Bxf3 Re8
15. Qd2 Bd7 16. Bh5 Re7 17. Bg6 b5 18. cxb5 Nxb5 19. Nxb5 cxb5 20. Nd5 Re4
21. Bxf5 Bxf5 22. Rxf5 Bg5 23. Rf3 Qe8 24. Nc7 Qc6 25. Nxa8 Qxa8 26. Raf1
Qd5 27. Qd3 Qe6 28. Rf8+ Kh7 29. d5 Qg6 30. Qxb5 Bxe3+ 31. Kh1 Rg4 32. Qe2
Bc5 33. R8f3 Rg5 34. Qd3 a5 35. Qxg6+ Rxg6 36. Rg3 Rxg3 37. hxg3 Kg6 38. g4
Kg5 39. Rf7 g6 40. Rg7 Kf6 41. Rg8 Kg5 42. Kh2 Bb4 43. Kh3 Bc5 44. Rb8 Kf4
45. a3 Ke5 46. b4 axb4 47. axb4 Be3 48. Rg8 g5 49. Rg6 Kxd5 50. Rxh6 Ke5 51.
b5 d5 52. Rh8 Bc5 53. Rc8 {Black forfeits on time} 1-0

[Event "ICCopen2016"]
[Site "Internet Chess Club"]
[Date "2016.06.03"]
[Round "4"]
[White "Ira57"]
[Black "wonka"]
[Result "1-0"]
[ICCResult "Black forfeits on time"]
[WhiteElo "1682"]
[BlackElo "1229"]
[Opening "Queen's bishop game"]
[ECO "D02"]
[NIC "QP.08"]
[Time "19:32:47"]
[TimeControl "180+0"]

1. d4 d5 2. Nf3 Nf6 3. Bf4 e6 4. e3 Bb4+ 5. c3 Bd6 6. Bg3 Nc6 7. Nbd2 Bd7 8.
Bd3 Qe7 9. Ne5 Nxe5 10. dxe5 Bxe5 11. Bxe5 O-O-O 12. O-O h5 13. b4 g5 14. a4
Rdg8 15. e4 Rh6 16. Re1 Ng4 17. exd5 f6 18. Bg3 e5 19. h3 h4 20. Bh2 Nxh2
21. Kxh2 g4 22. Ne4 f5 23. Nc5 g3+ 24. fxg3 hxg3+ 25. Kg1 Be8 26. Bxf5+ Kb8
27. Bg4 Rf6 28. Rf1 Rxf1+ 29. Kxf1 {Black forfeits on time} 1-0

[Event "ICCopen2016"]
[Site "Internet Chess Club"]
[Date "2016.06.03"]
[Round "4"]
[White "CrossShark"]
[Black "MorningRunner"]
[Result "0-1"]
[ICCResult "White resigns"]
[WhiteElo "2631"]
[BlackElo "2175"]
[Opening "French defense"]
[ECO "C00"]
[NIC "FR.01"]
[Time "19:33:15"]
[TimeControl "180+0"]

1. e4 e6 2. Nf3 d5 3. exd5 exd5 4. d4 Nf6 5. Bd3 Be7 6. Nc3 O-O 7. Bg5 Bg4
8. h3 Bh5 9. g4 Bg6 10. Ne5 Bxd3 11. Qxd3 Nc6 12. O-O-O a6 13. Kb1 Qd6 14.
Bf4 Nb4 15. Qf3 Qd8 16. g5 Ne4 17. Nxe4 dxe4 18. Qxe4 Re8 19. Qf5 Rf8 20. a3
Nd5 21. Bc1 g6 22. Qg4 b5 23. h4 b4 24. a4 b3 25. c3 Qe8 26. Qd7 Qxd7 27.
Nxd7 Rfd8 28. Ne5 f6 29. Nc6 Rd6 30. Nxe7+ Nxe7 31. gxf6 Rxf6 32. Bg5 Rf7
33. Bxe7 Rxe7 34. Rde1 Rae8 35. Rxe7 Rxe7 36. Rd1 Re2 37. c4 Rxf2 38. d5 Kf7
39. Re1 Rf4 40. c5 Rxa4 41. Rd1 Rxh4 42. d6 cxd6 43. cxd6 Ke8 44. Kc1 Kd7
45. Rd3 Rc4+ 46. Kb1 Rb4 47. Kc1 Rb6 48. Rh3 h5 49. Kd2 Rxd6+ 50. Kc3 Rb6
51. Kc4 Ke7 52. Kc5 Rf6 53. Rxb3 g5 54. Rg3 g4 55. Kd5 Rg6 56. Ke5 h4 57.
Re3 g3 58. Kf5+ Kf7 59. Rb3 g2 60. Rb7+ Kg8 61. Kxg6 g1=Q+ 62. Kh6 Qe3+ 63.
Kg6 Qe4+ 64. Kh6 Qxb7 {White resigns} 0-1

[Event "ICCopen2016"]
[Site "Internet Chess Club"]
[Date "2016.06.03"]
[Round "4"]
[White "Cramagica"]
[Black "Ajolote"]
[Result "0-1"]
[ICCResult "White forfeits on time"]
[WhiteElo "1211"]
[BlackElo "1432"]
[Opening "English: symmetrical variation"]
[ECO "A34"]
[NIC "EO.64"]
[Time "19:32:57"]
[TimeControl "180+0"]

1. c4 c5 2. Nc3 g6 3. g3 Bg7 4. Bg2 e6 5. e3 Ne7 6. Nge2 Nbc6 7. O-O O-O 8.
f4 d6 9. a3 Bd7 10. Qc2 a6 11. Rb1 b6 12. b3 Qc7 13. Bb2 Rad8 14. Nd1 d5 15.
cxd5 exd5 16. Bxg7 Kxg7 17. Qc3+ f6 18. Nf2 Bf5 19. g4 Bxb1 20. Rxb1 d4 21.
exd4 cxd4 22. Nxd4 Qc8 23. Nxc6 Nxc6 24. Bxc6 Rd6 25. Be4 Qd7 26. d3 Rd8 27.
Rc1 Qe7 28. g5 Kf7 29. gxf6 Qxf6 30. Qxf6+ Rxf6 31. Rc7+ Kg8 32. Ng4 Rxf4
33. Ne5 Re8 34. Nd7 Rg4+ 35. Kf2 Rf4+ 36. Ke3 Rf7 37. Rb7 Ree7 38. Nf6+ Rxf6
39. Rxe7 Rf1 40. Bd5+ Kf8 41. Rf7+ Rxf7 42. Bxf7 Kxf7 {White forfeits on
time} 0-1

[Event "ICCopen2016"]
[Site "Internet Chess Club"]
[Date "2016.06.03"]
[Round "4"]
[White "RJoseph12"]
[Black "tonto"]
[Result "0-1"]
[ICCResult "White forfeits on time"]
[WhiteElo "1252"]
[BlackElo "1445"]
[Opening "Ruy Lopez: exchange variation"]
[ECO "C68"]
[NIC "RL.08"]
[Time "19:33:04"]
[TimeControl "180+0"]

1. e4 e5 2. Nf3 Nc6 3. Bb5 a6 4. Bxc6 dxc6 5. d3 Bg4 6. h3 Bxf3 7. Qxf3 f6
8. Nc3 Qd7 9. Be3 Bd6 10. Qh5+ g6 11. Qh4 O-O-O 12. O-O-O Qe6 13. Kb1 Ne7
14. Qg3 Rhg8 15. Qh4 Kb8 16. f4 f5 17. exf5 Nxf5 18. Qe1 Nxe3 19. Qxe3 Rde8
20. fxe5 Bxe5 21. Ne4 Qd5 22. d4 Bh8 23. Rhe1 Qb5 24. Qd3 Qb6 25. Nc3 Rd8
26. Na4 Qxd4 27. Qxd4 Rxd4 28. Rxd4 Bxd4 29. Re4 Bg7 30. Nc5 Kc8 31. a3 a5
32. Re7 b6 33. Ne6 Bf6 {White forfeits on time} 0-1